[Event "Late-Titled-Tuesday-Blitz-January-23-2024"]
[Site "Chess.com"]
[Date "2024.01.23"]
[Round "1"]
[White "Arifarsky"]
[Black "KacperPolOK"]
[Result "1-0"]
[WhiteElo "2710"]
[BlackElo "2389"]
[TimeControl "180+1"]
[EndTime "14:05:55 PST"]
[Termination "Arifarsky won by resignation"]

1. Nf3 e6 2. d4 f5 3. c4 Nf6 4. Nc3 Bb4 5. Qc2 O-O 6. g3 b6 7.
Bg2 Bb7 8. O-O Bxc3 9. Qxc3 Qe7 10. a4 a5 11. b3 Na6 12. Rd1 d6 13. Ba3 Rfd8 14.
Rac1 c5 15. Bb2 Rac8 16. d5 e5 17. Nh4 g6 18. f4 Re8 19. fxe5 Qxe5 20. Qxe5 dxe5 21.
Nf3 Nd7 22. e4 fxe4 23. Ng5 Nc7 24. Nxe4 Rf8 25. Nd6 Rb8 26. Nxb7 Rxb7 27. d6 1-0

[Event "Late-Titled-Tuesday-Blitz-January-23-2024"]
[Site "Chess.com"]
[Date "2024.01.23"]
[Round "1"]
[White "Pawngobblerx2000"]
[Black "jjbolanos"]
[Result "1-0"]
[WhiteElo "2558"]
[BlackElo "2108"]
[TimeControl "180+1"]
[EndTime "14:05:56 PST"]
[Termination "Pawngobblerx2000 won by resignation"]

1. c4 Nf6 2. g3 e6 3. Bg2 d5 4. Nf3 Be7 5. O-O O-O 6. d4 dxc4 7. Qc2 a6 8. a4 Bd7 9. Ne5 Bc6 10. Nxc6 Nxc6 11.
e3 Na5 12. Nd2 Rb8 13. Nxc4 Nxc4 14. Qxc4 b5 15. Qe2 c5 16. axb5 axb5 17. dxc5 Bxc5 18. Rd1 Qb6 19. Bd2 Rfd8 20. Rdc1 b4 21. Be1 g6 22.
Ra6 Qb5 23. Qxb5 Rxb5 24. Bf1 Rb6 25. Rxc5 Rxa6 26. Bxa6 Rd1 27. Kf1 Ne4 28. Rc8+ Kg7 29. Ke2 Rb1 30. Rb8 Rxb2+ 31. Kf1 b3 32. Bd3 Nxf2 33.
Bc3+ Kh6 34. Bxb2 Nxd3 35. Rxb3 1-0

[Event "Late-Titled-Tuesday-Blitz-January-23-2024"]
[Site "Chess.com"]
[Date "2024.01.23"]
[Round "1"]
[White "GlavkonVVS"]
[Black "Sargsyan_Shant"]
[Result "0-1"]
[WhiteElo "2491"]
[BlackElo "2921"]
[TimeControl "180+1"]
[EndTime "14:05:57 PST"]
[Termination "Sargsyan_Shant won by resignation"]

1. c4 g6 2. Nf3 Bg7 3. Nc3 Nc6 4. d4 d6 5. h3 e5 6. d5 Nce7 7.
e4 f5 8. Bd3 Nf6 9. Qc2 O-O 10.
O-O f4 11. b4 h6 12. c5 g5 13.
Nh2 h5 14. f3 Ng6 15. Be2 Rf7 16. Ba3 Bf8 17. c6 b6 18. b5 Rh7 19. Kf2 g4 20.
fxg4 hxg4 21. Nxg4 Nxg4+ 22. Bxg4 Bxg4 23. hxg4 Qh4+ 24. Ke2 Qxg4+ 25. Kd3 Rh2 26. Rf2 a6 27. Kc4 Qg3 28. Bb4 a5 29. Ba3 a4 30. Rd1 f3 31. Rxf3 Qxf3 32. gxf3 Rxc2 33. Rg1 Kf7 34. Bc1 Nf4 35. Bxf4 exf4 36. Kd3 Rf2 37. e5 Rxf3+ 38. Kc4 Rxc3+ 39. Kxc3 dxe5 40. Kd3 Bd6 41. Ke4 Rg8 42. Rh1 Ke8 43. Rh7 Rf8 44. Rh3 f3 45. Rxf3 Rxf3 46. Kxf3 a3 47. Ke4 Ke7 48. Kf5 Kf7 49. Kg5 e4 50. Kg4 Kf6 0-1

[Event "Late-Titled-Tuesday-Blitz-January-23-2024"]
[Site "Chess.com"]
[Date "2024.01.23"]
[Round "1"]
[White "vladislavkovalev"]
[Black "Herman-NY"]
[Result "1-0"]
[WhiteElo "2871"]
[BlackElo "2473"]
[TimeControl "180+1"]
[EndTime "14:05:59 PST"]
[Termination "vladislavkovalev won on time"]

1. e4 e5 2. Nf3 Nc6 3. Bb5 a6 4. Ba4 Nf6 5. O-O Be7 6. d3 b5 7. Bb3 O-O 8. Nc3 d6 9. a3 h6 10. h3 Na5 11. Ba2 c5 12. b4 Nc6 13. Nd5 Be6 14. c3 Re8 15. Be3 Bf8 16. Re1 Rc8 17.
Qd2 Bxd5 18. exd5 Ne7 19. c4 Nf5 20. Re2 g6 21. Rae1 Bg7 22. Qd1 cxb4 23. axb4 Nxe3 24. Rxe3 a5 25. cxb5 axb4 26. Bc4 Qb6 27. Qb3 Qc5 28. Rb1 e4 29. Nd2 exd3 30. Rxe8+ Rxe8 31. Qxb4 Qd4 32.
Nf3 Qf4 33. b6 Ne4 34. Bxd3 1-0

[Event "Late-Titled-Tuesday-Blitz-January-23-2024"]
[Site "Chess.com"]
[Date "2024.01.23"]
[Round "1"]
[White "TV27"]
[Black "mightysmasher"]
[Result "0-1"]
[WhiteElo "2187"]
[BlackElo "2574"]
[TimeControl "180+1"]
[EndTime "14:06:00 PST"]
[Termination "mightysmasher won by resignation"]

1. e4 e6 2. d4 d5 3. Nc3 dxe4 4. Nxe4 Nd7 5. Bd3 Ngf6 6. Ng3 c5 7. c3 cxd4 8. cxd4 Nb6 9. Nf3 Bd6 10. O-O O-O 11. Re1 Nbd5 12. Ne5 b6 13. b3 Bb7 14. Bb2 Rc8 15. Nc4 Bb4 16. Re5 Nf4 17. Bf1 N4d5 18. Rc1 Qd7 19. Bd3 h6 20. Bb1 Nf4 21. f3 Rfd8 22. Ne4 Nxe4 23. fxe4 Ng6 24. Rh5 Bc5 25. Ne5 Nxe5 26. Rxe5 Bxd4+ 27. Bxd4 Qxd4+ 28. Qxd4 Rxc1+ 29. Kf2 Rxd4 30. Ke3 Rd8 0-1

[Event "Late-Titled-Tuesday-Blitz-January-23-2024"]
[Site "Chess.com"]
[Date "2024.01.23"]
[Round "1"]
[White "GoValya"]
[Black "Brown_Mamba24"]
[Result "0-1"]
[WhiteElo "2300"]
[BlackElo "2612"]
[TimeControl "180+1"]
[EndTime "14:06:03 PST"]
[Termination "Brown_Mamba24 won by resignation"]

1. d4 Nf6 2. g3 g6 3. Bg2 Bg7 4. c4 O-O 5. Nc3 d6 6. Nf3 Nc6 7. O-O e5 8. d5 Nb8 9. h3 a5 10. Rb1 Na6 11. b3 Nc5 12. a3 Bf5 13. Rb2 Nfe4 14.
Nxe4 Bxe4 15. b4 axb4 16. axb4 Na4 17. Rb3 b5 18. Nd2 bxc4 19. Nxc4 Bxg2 20. Kxg2 e4 21.
Be3 Nc3 22. Qd2 Ra2 23. Rb2 Rxb2 24. Nxb2 Qa8 25. Rc1 Nxd5 26. Bd4 e3 27. fxe3 Nf4+ 28. Kf2 Qg2+ 0-1

[Event "Late-Titled-Tuesday-Blitz-January-23-2024"]
[Site "Chess.com"]
[Date "2024.01.23"]
[Round "1"]
[White "Yeritsyaan"]
[Black "FredddieCroderg"]
[Result "0-1"]
[WhiteElo "2624"]
[BlackElo "2348"]
[TimeControl "180+1"]
[EndTime "14:06:04 PST"]
[Termination "FredddieCroderg won by resignation"]

1. Nf3 d5 2. e3 e6 3. c4 Nf6 4.
d4 Be7 5. Be2 O-O 6. O-O c5 7.
cxd5 exd5 8. b3 cxd4 9. Nxd4 Nc6 10. Bb2 Re8 11. a3 Ne4 12. Nd2 Bf6 13. Nxe4 Rxe4 14. Bf3 Rh4 15. g3 Nxd4 16. Bxd4 Bxd4 17. exd4 Rh6 18.
Qd3 Bh3 19. Rfe1 Qd7 20. Rac1 Bf5 21. Qd2 Be4 22. Bxe4 dxe4 23. Rxe4 Qh3 24. f4 Rg6 25. Qe3 h5 26. Rc5 b6 27. Re8+ Kh7 28. Rxa8 bxc5 29.
dxc5 Re6 30. Qd3+ g6 31. Qc3 f6 32. Rxa7+ Kh6 33. Rd7 Re2 34. Qf3 Re1+ 35. Kf2 Rf1+ 36. Ke2 Rxf3 37. Kxf3 Qxd7 0-1

[Event "Late-Titled-Tuesday-Blitz-January-23-2024"]
[Site "Chess.com"]
[Date "2024.01.23"]
[Round "1"]
[White "Felix-Rose"]
[Black "karinachess1"]
[Result "1/2-1/2"]
[WhiteElo "2328"]
[BlackElo "2625"]
[TimeControl "180+1"]
[EndTime "14:06:04 PST"]
[Termination "Game drawn by repetition"]

1. e4 e5 2. Nf3 Nc6 3. Bb5 Nf6 4. O-O Nxe4 5. d4 Nd6 6. dxe5 Nxb5 7. a4 Nbd4 8. Nxd4 Nxd4 9. Qxd4 Be7 10. Nc3 O-O 11. Nd5 d6 12. Nxe7+ Qxe7 13. exd6 Qxd6 14. Qxd6 cxd6 15.
Rd1 Rd8 16. Bf4 d5 17. c4 Be6 18. cxd5 Bxd5 19. Rd2 Bc6 20. Rxd8+ Rxd8 21. a5 a6 22. f3 Rd4 23. Be3 Rb4 24. Rd1 h5 25.
Bd4 h4 26. Bc3 Rb5 27. h3 f6 28. Rd4 Rh5 29. Be1 g5 30. Rd6 Kf7 31. Bc3 Rh6 32. Bd2 Rg6 33. Bc3 f5 34. Rxg6 Kxg6 35. Kf2 Kh5 36. Bf6 g4 37. fxg4+ fxg4 38. hxg4+ Kxg4 39. Bd8 h3 40. gxh3+ Kxh3 41. Ke3 Kg4 42. Bf6 Kf5 43. Bc3 Ke6 44. Kd4 Kf5 45. Kc5 Kg4 46.
Kb6 Kf3 47. Kc7 Ke2 48. Kb6 Kd1 49. Bh8 Kc2 50. Bg7 Kb3 51. Bh8 Kc4 52. Bg7 Kd5 53.
Bh8 Ke6 54. Bg7 Kd5 55. Bh8 Ke6 56. Bg7 Kf7 57. Bh8 Kg8 58. Bc3 Kf7 59. b4 Ke6 60. Bd4 Kd5 61. Bc5 Kc4 62. Bf8 Kd5 63. Bc5 Kc4 64.
Bf8 Kd5 65. Bc5 1/2-1/2

[Event "Late-Titled-Tuesday-Blitz-January-23-2024"]
[Site "Chess.com"]
[Date "2024.01.23"]
[Round "1"]
[White "thesupera12"]
[Black "mishanick"]
[Result "0-1"]
[WhiteElo "2532"]
[BlackElo "3061"]
[TimeControl "180+1"]
[EndTime "14:06:06 PST"]
[Termination "mishanick won by resignation"]

1. d4 Nf6 2. Bg5 d5 3. Bxf6 exf6 4. e3 c5 5. c4 dxc4 6. Nf3 cxd4 7. Nxd4 Bb4+ 8.
Nc3 O-O 9. Bxc4 Bxc3+ 10. bxc3 Qc7 11. Qe2 Nd7 12. Rc1 Nc5 13. O-O Bd7 14. Rfd1 Rfe8 15. Bb5 a6 16. Bxd7 Nxd7 17. h3 Rac8 18. c4 Re5 19.
Qb2 Rc5 20. Nb3 Rc6 21. Nd4 Rb6 22. Qa3 g6 23. Rb1 Ne5 24. c5 Rxb1 25. Rxb1 Qxc5 26. Qxc5 Rxc5 27. Rxb7 Nd3 28. g4 Rc1+ 29. Kg2 Ra1 30. Rb3 Ne1+ 31. Kg3 Rxa2 32. Rb6 Kg7 33. Rb7 Kf8 34.
Nc6 Nd3 35. f3 Ne1 36. Nd8 Rg2+ 37. Kf4 Nd3+ 38. Ke4 Nc5+ 39. Kd5 Nxb7 40. Nxb7 Rb2 41. Nc5 a5 42. Kc4 Rh2 43. Nb3 Rxh3 44. Nxa5 Rxf3 0-1

[Event "Late-Titled-Tuesday-Blitz-January-23-2024"]
[Site "Chess.com"]
[Date "2024.01.23"]
[Round "1"]
[White "guillembaches"]
[Black "Msb2"]
[Result "0-1"]
[WhiteElo "2524"]
[BlackElo "3038"]
[TimeControl "180+1"]
[EndTime "14:06:06 PST"]
[Termination "Msb2 won on time"]

1. d4 d5 2. Nf3 e6 3. Bg5 Be7 4. Bxe7 Qxe7 5. Nbd2 Nf6 6. e3 O-O 7. Bd3 c5 8. c3 Nc6 9. Ne5 Nxe5 10. dxe5 Nd7 11.
f4 b6 12. O-O Bb7 13. Rf3 f5 14. Rh3 Rad8 15. Qh5 g6 16. Rg3 d4 17. e4 dxc3 18.
bxc3 Nxe5 19. fxe5 Rxd3 20. Qh6 Rxg3 21. hxg3 fxe4 22.
Re1 Qg7 23. Qg5 h6 24. Qg4 Rf5 25. Nc4 Bd5 26. Nd6 Rg5 27. Qf4 Rxe5 28. Rf1 e3 29.
Ne8 Rf5 30. Nxg7 Rxf4 31. Rxf4 Kxg7 32. a3 g5 33. Rf1 e2 34. Re1 Bc4 35. Kf2 Kf6 36. Ke3 Kf5 37. Kf2 Ke4 38. Rc1 Kd3 39. Ke1 b5 0-1

[Event "Late-Titled-Tuesday-Blitz-January-23-2024"]
[Site "Chess.com"]
[Date "2024.01.23"]
[Round "1"]
[White "Durarbayli"]
[Black "XeresLt"]
[Result "1-0"]
[WhiteElo "2877"]
[BlackElo "2478"]
[TimeControl "180+1"]
[EndTime "14:06:06 PST"]
[Termination "Durarbayli won by resignation"]

1. c4 Nf6 2. Nc3 g6 3. g3 Bg7 4. Bg2 O-O 5. d4 d6 6. Nf3 Nc6 7. d5 Na5 8. Nd2 Ne8 9. Qc2 c5 10. b3 a6 11. Bb2 b5 12. cxb5 axb5 13. Nxb5 Ba6 14. Bxg7 Nxg7 15. Nc3 Qb6 16. O-O c4 17. b4 Qxb4 18. Rfb1 Qc5 19. Rb2 Nf5 20. e3 Rfb8 21.
Rab1 Rxb2 22. Qxb2 Qc7 23. Qb6 Qxb6 24. Rxb6 Nb7 25. Nde4 Nh6 26. Rc6 Nd8 27. Rc7 Kf8 28.
Bf1 Nf5 29. a4 Rb8 30. Bxc4 Bxc4 31. Rxc4 Nb7 32. Rb4 Ke8 33. a5 1-0

[Event "Late-Titled-Tuesday-Blitz-January-23-2024"]
[Site "Chess.com"]
[Date "2024.01.23"]
[Round "1"]
[White "Dedic8"]
[Black "Inepton_Fermion"]
[Result "1-0"]
[WhiteElo "2801"]
[BlackElo "2445"]
[TimeControl "180+1"]
[EndTime "14:06:07 PST"]
[Termination "Dedic8 won by checkmate"]

1. d4 Nf6 2. c4 g6 3. Nc3 d5 4.
cxd5 Nxd5 5. e4 Nxc3 6. bxc3 Bg7 7. Bc4 c5 8. Ne2 Nc6 9. Be3 O-O 10. O-O Qc7 11.
Rc1 Rd8 12. h4 b6 13. h5 Bb7 14. hxg6 hxg6 15. f4 cxd4 16. cxd4 Qd7 17. f5 gxf5 18. Rxf5 e6 19. Rg5 Kf8 20. Bb5 Qd6 21. Rxg7 Kxg7 22.
Qf1 Rg8 23. e5 Qd5 24. Nc3 Qd8 25. Qf4 Ne7 26. Qh6# 1-0

[Event "Late-Titled-Tuesday-Blitz-January-23-2024"]
[Site "Chess.com"]
[Date "2024.01.23"]
[Round "1"]
[White "ImportedItalianMaple"]
[Black "sofaceindisguise"]
[Result "0-1"]
[WhiteElo "2430"]
[BlackElo "2762"]
[TimeControl "180+1"]
[EndTime "14:06:07 PST"]
[Termination "sofaceindisguise won by resignation"]

1. e4 c5 2. Nf3 Nc6 3. Bb5 e6 4. Bxc6 bxc6 5. b3 Ne7 6. Bb2 Ng6 7. O-O f6 8. e5 Be7 9. d3 O-O 10. Nbd2 fxe5 11. Nxe5 Nxe5 12. Bxe5 d6 13. Bg3 e5 14.
Re1 Be6 15. c4 Qd7 16. h3 Rf7 17. Ne4 Raf8 18. Qd2 h6 19. a3 h5 20. Ng5 Bxg5 21.
Qxg5 Bf5 22. Qxh5 Bxd3 23. Rad1 e4 24. b4 cxb4 25. axb4 d5 26. c5 d4 27. Bd6 Re8 28.
f3 exf3 29. gxf3 Rxe1+ 30. Rxe1 Bf5 31. Kh2 d3 32. Qg5 Bxh3 33. Rd1 Bf5 34. Rd2 Qe6 35.
Rg2 Qf6 36. Qg3 Qh6+ 37. Kg1 d2 0-1

[Event "Late-Titled-Tuesday-Blitz-January-23-2024"]
[Site "Chess.com"]
[Date "2024.01.23"]
[Round "1"]
[White "ProChessWICTH"]
[Black "GM_dmitrij"]
[Result "0-1"]
[WhiteElo "2511"]
[BlackElo "3004"]
[TimeControl "180+1"]
[EndTime "14:06:10 PST"]
[Termination "GM_dmitrij won by resignation"]

1. e4 e5 2. Nf3 Nc6 3. d4 exd4 4. Bc4 Nf6 5. e5 Ne4 6. Qe2 Nc5 7. O-O Be7 8. Rd1 Ne6 9. Bxe6 fxe6 10. Nxd4 Nxd4 11.
Rxd4 O-O 12. Nc3 b6 13. Be3 Bb7 14. Rad1 Bc6 15. b4 a6 16. a4 b5 17. axb5 axb5 18.
Nxb5 Qb8 19. Nc3 Bxb4 20. Rb1 Ra1 21. Rxa1 Bxc3 22. Rad1 Bxd4 23. Bxd4 Rf5 24. Qg4 Qf8 25. h4 Rf4 26. Qg3 Qf5 27. Be3 Rg4 28. Qh2 Rxg2+ 29. Qxg2 Bxg2 30. Kxg2 Qg4+ 0-1

[Event "Late-Titled-Tuesday-Blitz-January-23-2024"]
[Site "Chess.com"]
[Date "2024.01.23"]
[Round "1"]
[White "jk13"]
[Black "GMJustin"]
[Result "1-0"]
[WhiteElo "2650"]
[BlackElo "2344"]
[TimeControl "180+1"]
[EndTime "14:06:16 PST"]
[Termination "jk13 won on time"]

1. e4 e5 2. Nf3 Nc6 3. Bc4 Nf6 4. d3 Bc5 5. c3 O-O 6. O-O a6 7. Bb3 d6 8. h3 h6 9. Re1 Ba7 10. Nbd2 Qe7 11. Nf1 Nh5 12. Ne3 Nf4 13. Nd5 Nxd5 14. Bxd5 Be6 15. d4 Qf6 16. Bxc6 bxc6 17. dxe5 dxe5 18. Qe2 Rfd8 19. b3 a5 20. Be3 Bb6 21. Rad1 a4 22. c4 Ba5 23. Bd2 Bb6 24. Bc3 Bd4 25.
Bxd4 exd4 26. e5 Qf4 27. g3 Qf5 28. Nxd4 Qxh3 29. Nxe6 Rxd1 30. Rxd1 1-0

[Event "Late-Titled-Tuesday-Blitz-January-23-2024"]
[Site "Chess.com"]
[Date "2024.01.23"]
[Round "1"]
[White "Kostukov_Alex"]
[Black "RodokininEV"]
[Result "0-1"]
[WhiteElo "2296"]
[BlackElo "2607"]
[TimeControl "180+1"]
[EndTime "14:06:18 PST"]
[Termination "RodokininEV won on time"]

1. g3 Nf6 2. Bg2 g6 3. c4 Bg7 4. Nf3 O-O 5. O-O d5 6. cxd5 Nxd5 7. d4 Nc6 8. e4 Nb6 9. d5 Na5 10. Nc3 c6 11. Bf4 cxd5 12. exd5 Nac4 13. Qe2 Nd6 14.
Rfe1 Re8 15. Be5 Bf5 16. Bxg7 Kxg7 17. Nd4 Bd7 18. Rad1 Rc8 19. h3 a6 20. Qd3 Nf5 21.
Nxf5+ Bxf5 22. Qd4+ Kg8 23. Re2 Rc4 24. Qe3 Nc8 25.
g4 Bd7 26. b3 Rc7 27. Ne4 Nd6 28. Ng3 Bb5 29. Red2 Qc8 30. Kh2 Rc3 31. Qh6 Qc7 32. Qf4 Rc8 33. Re1 Rc1 34. Rxc1 Qxc1 35. Qh6 Rc2 0-1

[Event "Late-Titled-Tuesday-Blitz-January-23-2024"]
[Site "Chess.com"]
[Date "2024.01.23"]
[Round "1"]
[White "TheAlienParty"]
[Black "Alex_Banzea"]
[Result "1-0"]
[WhiteElo "2352"]
[BlackElo "2622"]
[TimeControl "180+1"]
[EndTime "14:06:20 PST"]
[Termination "TheAlienParty won on time"]

1. c4 Nf6 2. Nc3 g6 3. g3 Bg7 4. Bg2 O-O 5. e3 d6 6. Nge2 e5 7. O-O Re8 8. d3 c6 9. b4 d5 10. cxd5 cxd5 11. d4 e4 12. a4 Nc6 13. Qb3 Be6 14.
a5 Rc8 15. Na4 b6 16. axb6 axb6 17. Nf4 Bf8 18. Bd2 Ne7 19. Rfc1 Rxc1+ 20. Rxc1 Nf5 21. Nxe6 Rxe6 22. b5 Nd6 23. Rc6 Nc4 24. Bb4 Bxb4 25. Qxb4 Qa8 26. Rxe6 fxe6 27. Bf1 Qc8 28. Kg2 Qc7 29.
Be2 Ne8 30. h3 Ned6 31. Bg4 Kf7 32. Nc3 h5 33. Be2 Qa7 34. h4 Qa1 35. g4 hxg4 36. Bxg4 Qe1 37. Nxd5 exd5 38. Qxe1 1-0

[Event "Late-Titled-Tuesday-Blitz-January-23-2024"]
[Site "Chess.com"]
[Date "2024.01.23"]
[Round "1"]
[White "Rud_Makarian"]
[Black "EvilMorty23"]
[Result "1-0"]
[WhiteElo "2986"]
[BlackElo "2509"]
[TimeControl "180+1"]
[EndTime "14:06:26 PST"]
[Termination "Rud_Makarian won by checkmate"]

1. d4 Nf6 2. c4 e6 3. Nf3 d5 4. g3 Bb4+ 5. Bd2 Be7 6. Bg2 O-O 7.
Qc2 c6 8. O-O b6 9. Bf4 Nbd7 10.
Nbd2 Ba6 11. Rfe1 Nh5 12. Be5 c5 13. cxd5 exd5 14. e4 Nxe5 15. Nxe5 cxd4 16. exd5 Bc5 17. Nc6 Qd7 18. b4 d3 19. Qa4 Bd4 20. Ne7+ Qxe7 21. Rxe7 Bxa1 22. Qxa6 Rac8 23. Qxd3 Rc1+ 24. Bf1 Nf6 25. d6 Rd8 26. Ne4 Ng4 27. d7 Kf8 28. Qd6 Rc6 29. Re8# 1-0

[Event "Late-Titled-Tuesday-Blitz-January-23-2024"]
[Site "Chess.com"]
[Date "2024.01.23"]
[Round "1"]
[White "AsaHoffmann"]
[Black "djano"]
[Result "0-1"]
[WhiteElo "2375"]
[BlackElo "2687"]
[TimeControl "180+1"]
[EndTime "14:06:27 PST"]
[Termination "djano won by checkmate"]

1. d4 d5 2. Bg5 f6 3. Bf4 c5 4. c3 Nc6 5. Nf3 g5 6. Bg3 h5 7. h4 g4 8. Ng1 e5 9. e3 Nh6 10.
Bb5 Nf5 11. Ne2 cxd4 12. exd4 Bd6 13. Nd2 e4 14. Qb3 e3 15. Nf1 exf2+ 16. Bxf2 g3 17.
Nfxg3 a6 18. Nxf5 Bxf5 19. Qxd5 Qd7 20. Bxc6 bxc6 21. Qc4 Rb8 22. b3 Be6 23. Qd3 Bf5 24. Qe3+ Kf7 25. Qd2 Rhg8 26. g3 Be4 27. Rg1 Qg4 28. b4 a5 29. a3 Bf3 30. Be3 Rbe8 31. Kf2 Rxe3 32. Qxe3 Re8 33. Qxe8+ Kxe8 34. Rae1 Kd7 35.
bxa5 Bd5 36. a6 Qf3# 0-1

[Event "Late-Titled-Tuesday-Blitz-January-23-2024"]
[Site "Chess.com"]
[Date "2024.01.23"]
[Round "1"]
[White "Gentlejimmy7"]
[Black "Jospem"]
[Result "0-1"]
[WhiteElo "2538"]
[BlackElo "3095"]
[TimeControl "180+1"]
[EndTime "14:06:28 PST"]
[Termination "Jospem won by resignation"]

1. c4 c5 2. Nf3 Nc6 3. Nc3 g6 4. d4 cxd4 5. Nxd4 Bg7 6. Nc2 d6 7. e4 Bxc3+ 8. bxc3 Nf6 9. f3 Be6 10. Be3 O-O 11. Nd4 Qa5 12. Nxe6 fxe6 13. Qd2 Rac8 14. Be2 Ne5 15. c5 dxc5 16. c4 Qxd2+ 17. Kxd2 b6 18. Kc3 Nc6 19. Rhd1 e5 20. a4 Nd4 21.
Bf1 a5 22. Rab1 Nd7 23. Bh6 Rf7 24. Rb2 Rc6 25. Rdb1 Rd6 26. Be3 Rf8 27. Rd2 Kf7 28. Rbd1 Ke8 29. Rb2 Kd8 30. Rbd2 Kc7 31. Rb2 Nb8 32.
Rbd2 Nbc6 33. Rb2 Nb4 34. Rbd2 Rfd8 35. Bg5 R8d7 36. Be3 Rd8 37. Bg5 Re8 38. Be3 Ne6 39. Rxd6 exd6 40. Bf2 Nc6 41. Bg3 Rf8 42. Be2 Ncd4 43.
Bf1 g5 44. Rd2 h5 45. Be2 h4 46. Bf2 Nxe2+ 47. Rxe2 Nf4 48. Rd2 Nxg2 49. Bxc5 Rxf3+ 50. Kb2 bxc5 51. Rxg2 h3 52. Rxg5 Rf2+ 53. Kc3 Rxh2 54. Rh5 Rh1 55. Kb2 Kd7 56. Rh6 Ke7 57. Ka2 h2 58. Kb2 Kf7 59. Ka2 Kg7 60. Rh3 Kg6 61. Rh8 Kg5 62. Rg8+ Kf4 63. Rh8 Kxe4 0-1

[Event "Late-Titled-Tuesday-Blitz-January-23-2024"]
[Site "Chess.com"]
[Date "2024.01.23"]
[Round "1"]
[White "imdarealist"]
[Black "Yurovskykh_Oleksandr"]
[Result "0-1"]
[WhiteElo "2290"]
[BlackElo "2604"]
[TimeControl "180+1"]
[EndTime "14:06:30 PST"]
[Termination "Yurovskykh_Oleksandr won by resignation"]

1. d4 d5 2. Bf4 c5 3. e3 Nc6 4.
c3 Bf5 5. Nd2 e6 6. Ngf3 Qb6 7.
b3 cxd4 8. exd4 Ba3 9. Ne5 Bb2 10. Rc1 Bxc1 11. Qxc1 Nf6 12. Qa3 Nh5 13. Be3 Nf6 14. Ndf3 Ne4 15. Qb2 f6 16. Nd3 O-O 17. Be2 Qa5 18.
b4 Qc7 19. O-O Ne7 20. Rc1 Rfc8 21. Nc5 b6 22. Na6 Qd7 23. Qb3 Nd6 24. a4 Nc4 25. Bf4 Qb7 26. b5 Qd7 27. Ne1 Bg6 28. Nd3 Nf5 29.
Ndb4 Nfd6 30. Nc6 Rxc6 31. bxc6 Qxc6 32. Nb4 Qd7 33. Bxd6 Nxd6 34. Nxd5 Rc8 35. Nf4 Bf7 36. Ba6 Rc7 37. Qb4 Qc6 38. c4 Nf5 39. Bb5 Qd6 40. Qd2 Qxd4 41. Qxd4 Nxd4 42. Nd3 e5 43. c5 Ne2+ 44.
Kf1 Nxc1 45. cxb6 axb6 46. Nb4 Bc4+ 0-1

[Event "Late-Titled-Tuesday-Blitz-January-23-2024"]
[Site "Chess.com"]
[Date "2024.01.23"]
[Round "1"]
[White "IsaqueGoncalvesSanto"]
[Black "Nouali_Mohamed"]
[Result "0-1"]
[WhiteElo "1792"]
[BlackElo "2545"]
[TimeControl "180+1"]
[EndTime "14:06:30 PST"]
[Termination "Nouali_Mohamed won on time"]

1. d4 Nf6 2. c4 g6 3. Nc3 Bg7 4.
e4 d6 5. f3 O-O 6. Be3 Nbd7 7.
Qd2 Re8 8. Bh6 Bh8 9. h4 c5 10. d5 e6 11. O-O-O exd5 12. Nxd5 Nxd5 13. Qxd5 Qb6 14.
Rd2 Ne5 15. Qxd6 Nc6 16. Be3 Be6 17. Qxc5 Qa6 18. a3 Na5 19. Qb5 Qxb5 20. cxb5 Nb3+ 21. Kb1 Nxd2+ 22. Bxd2 Red8 23. Bc1 Rd1 24. Ne2 Rc8 25. Nc3 Bxc3 26. bxc3 Rxc3 0-1

[Event "Late-Titled-Tuesday-Blitz-January-23-2024"]
[Site "Chess.com"]
[Date "2024.01.23"]
[Round "1"]
[White "Quattroporte300"]
[Black "GMAkobianSTL"]
[Result "0-1"]
[WhiteElo "2429"]
[BlackElo "2757"]
[TimeControl "180+1"]
[EndTime "14:06:31 PST"]
[Termination "GMAkobianSTL won on time"]

1. e4 d6 2. d4 Nf6 3. Nc3 c6 4. f4 Qa5 5. Bd3 e5 6. Nf3 exd4 7. Nxd4 Qb6 8. Nb3 a5 9. Qf3 a4 10. Be3 Qb4 11. a3 axb3 12. axb4 Rxa1+ 13. Kd2 Rxh1 14. h3 bxc2 15. Kxc2 Ra1 16. g4 Na6 17. b5 Nb4+ 18.
Kd2 Nxd3 19. Kxd3 Be7 20. g5 Nd7 21. h4 O-O 22. h5 Nc5+ 23. Kc2 d5 24. Bxc5 Bxc5 25.
f5 Rg1 26. Qf4 Rg2+ 27. Kb3 Rf2 28. Qe5 Rd8 29. h6 Bf8 30. Qc7 Re8 31. hxg7 Bxg7 32. f6 Bf8 33. e5 Be6 34. bxc6 d4+ 35. Ka4 dxc3 36. cxb7 Rxb2 37. Qxc3 Rxb7 0-1

[Event "Late-Titled-Tuesday-Blitz-January-23-2024"]
[Site "Chess.com"]
[Date "2024.01.23"]
[Round "1"]
[White "Eloist"]
[Black "FontVella8"]
[Result "0-1"]
[WhiteElo "2413"]
[BlackElo "2733"]
[TimeControl "180+1"]
[EndTime "14:06:33 PST"]
[Termination "FontVella8 won by checkmate"]

1. e4 c6 2. Nf3 d5 3. d3 Qc7 4. Nc3 dxe4 5. Nxe4 Nf6 6. Qe2 Nxe4 7.
Qxe4 Nd7 8. Bf4 Qb6 9. O-O-O Nf6 10.
Qd4 Bg4 11. Be2 Bxf3 12. Qxb6 axb6 13. Bxf3 Rxa2 14. Kb1 Ra4 15. Bc7 b5 16. b3 Ra8 17.
Kb2 e6 18. Ra1 Rxa1 19. Rxa1 Kd7 20. Be5 Bd6 21. Bc3 b4 22. Bd4 Kc7 23. Re1 Ra8 24.
h3 Ra5 25. g4 e5 26. Be3 Nd5 27. Bd2 Bc5 28. Be3 Bxe3 29. fxe3 Nc3 30. Ra1 Rxa1 31.
Kxa1 Kd6 32. Kb2 h6 33. Kc1 g6 34. h4 f5 35. h5 fxg4 36. hxg6 gxf3 37. g7 f2 38.
g8=Q f1=Q+ 39. Kd2 Qd1# 0-1

[Event "Late-Titled-Tuesday-Blitz-January-23-2024"]
[Site "Chess.com"]
[Date "2024.01.23"]
[Round "1"]
[White "el_sporco"]
[Black "brm72"]
[Result "0-1"]
[WhiteElo "2369"]
[BlackElo "2675"]
[TimeControl "180+1"]
[EndTime "14:06:33 PST"]
[Termination "brm72 won by resignation"]

1. e4 c5 2. Nf3 Nc6 3. Bb5 e5 4. O-O Nge7 5. c3 g6 6. d4 exd4 7. cxd4 cxd4 8. Nxd4 Bg7 9. Be3 O-O 10. Nc3 d5 11. exd5 Nb4 12. Bc4 Nbxd5 13. Nxd5 Nxd5 14. Bxd5 Qxd5 15. Qb3 Qh5 16. Nb5 Be6 17. Qb4 a5 18.
Qc5 Qxc5 19. Bxc5 Rfc8 20. Bd4 Bc4 21. Nd6 Bxd4 22. Rfd1 Be5 23. Nxc8 Rxc8 24. Rac1 Bxb2 25. Rb1 Bf6 26. Rxb7 Bxa2 27. g3 a4 28. Ra7 Bb3 29. Rd6 Bb2 30. Rb6 Bd4 0-1

[Event "Late-Titled-Tuesday-Blitz-January-23-2024"]
[Site "Chess.com"]
[Date "2024.01.23"]
[Round "1"]
[White "AlexSuv"]
[Black "LUISMIGUELOV"]
[Result "1-0"]
[WhiteElo "2573"]
[BlackElo "2184"]
[TimeControl "180+1"]
[EndTime "14:06:34 PST"]
[Termination "AlexSuv won by checkmate"]

1. Nf3 d5 2. b3 Bg4 3. Bb2 Nd7 4. c4 e6 5. e3 Ngf6 6. Nc3 c6 7. h3 Bh5 8. Be2 Bd6 9. d4 Qe7 10.
g4 Bg6 11. Nh4 Be4 12. Nxe4 Nxe4 13. Nf3 g6 14. a3 f5 15. Nd2 O-O-O 16. gxf5 gxf5 17.
Nxe4 fxe4 18. Qc2 Rdf8 19. Rf1 Rhg8 20. b4 Rg2 21. b5 Rfxf2 22. Rxf2 Bg3 23. O-O-O Rxf2 24.
bxc6 bxc6 25. cxd5 exd5 26. Qxc6+ Kd8 27. Bg4 Bd6 28.
Qxd5 Nb6 29. Qg8+ Kc7 30. Kb1 Kb7 31. Rc1 Bxa3 32. Bc8+ Nxc8 33. Qxc8+ Kb6 34. Qc6+ Ka5 35. Qd5+ Ka4 36. Qc6+ Ka5 37. Bxa3 Qxa3 38. Rc5+ Kb4 39. Qb5# 1-0

[Event "Late-Titled-Tuesday-Blitz-January-23-2024"]
[Site "Chess.com"]
[Date "2024.01.23"]
[Round "1"]
[White "DenLaz"]
[Black "subham777"]
[Result "0-1"]
[WhiteElo "3085"]
[BlackElo "2555"]
[TimeControl "180+1"]
[EndTime "14:06:35 PST"]
[Termination "subham777 won by resignation"]

1. d4 d5 2. c4 e6 3. Nf3 Nf6 4.
Nc3 Be7 5. Bg5 O-O 6. e3 Ne4 7. Bxe7 Qxe7 8. Rc1 c6 9. Bd3 f5 10. O-O Nd7 11. Qc2 Ndf6 12. Ne5 Bd7 13. Ne2 g5 14. f3 Nd6 15. Qd2 Kg7 16. b4 dxc4 17. Bxc4 Nxc4 18. Rxc4 Nd5 19. Rfc1 Be8 20. e4 fxe4 21. fxe4 Nf4 22. Nxf4 Rxf4 23. Qe3 Bg6 24. Nxg6 hxg6 25. Rc5 Raf8 26. h3 g4 27. hxg4 Rxg4 28. b5 Qh4 29. bxc6 Rxe4 30. Qd2 Rh8 31. Qg5 Qh2+ 32. Kf2 Rf8+ 0-1